 Dungeon Crawl Stone Soup version 0.22-a0-880-gb7b0c8b (webtiles) character file.

1420 exewon the Covered (level 8, -7/52 HPs)
             Began as a Demonspawn Enchanter on July 30, 2018.
             Was a Follower of Sif Muna.
             Killed by divine providence
             ... invoked by an orc priest
              (12 damage)
             ... on level 6 of the Dungeon.
             The game lasted 00:36:45 (5583 turns).

exewon the Covered (Demonspawn Enchanter)           Turns: 5583, Time: 00:36:45

Health: -7/52      AC: 12    Str: 10    XL:     8   Next: 43%
Magic:  14/14      EV: 11    Int: 17    God:    Sif Muna [*.....]
Gold:   262        SH:  4    Dex: 14    Spells: 4/15 levels left

rFire    . . .     SeeInvis .   n - +2 trident (pierce)
rCold    . . .     Gourm    .   s - +0 buckler
rNeg     + . .     Faith    .   c - +2 ring mail
rPois    .         Spirit   .   (helmet restricted)
rElec    .         Reflect  .   k - scarf {repulsion}
rCorr    .         Harm     .   (no gloves)
MR       .....                  u - +1 pair of boots
Stlth    ++........             (no amulet)
HPRegen  0.17/turn              p - ring of positive energy
MPRegen  0.14/turn              (no ring)

@: repel missiles
A: horns 1, slimy green scales 1, blurry vision 1, powered by death 2, spiny 2
a: Divine Energy, Renounce Religion


You were on level 6 of the Dungeon.
You worshipped Sif Muna.
Sif Muna was aware of your devotion.
You were not hungry.

You visited 2 branches of the dungeon, and saw 7 of its levels.

You collected 262 gold pieces.

Inventory:

Hand Weapons
 a - a +1 dagger
 i - a +0 hunting sling
 n - a +2 trident of piercing (weapon)
 y - a +0 hand crossbow
Missiles
 j - 16 arrows
 m - 61 stones
 q - 46 sling bullets (quivered)
Armour
 b - a +0 robe
 c - a +2 ring mail (worn)
 h - a +0 cloak
 k - a scarf of repulsion (worn)
 s - a +0 buckler (worn)
 u - a +1 pair of boots (worn)
 w - a +1 pair of boots
Jewellery
 p - a ring of positive energy (left hand)
Wands
 A - a wand of flame (21)
Scrolls
 e - 3 scrolls of teleportation
 v - a scroll of amnesia {unknown}
 x - a scroll of fear {unknown}
 z - a scroll of random uselessness {unknown}
Potions
 f - 2 potions of flight
 g - 2 potions of mutation
 l - a potion of brilliance {unknown}
 o - a potion of cancellation {unknown}
 r - 2 potions of curing {unknown}
 t - a potion of lignification {unknown}
Comestibles
 d - 6 rations


   Skills:
 - Level 0.8 Short Blades
 - Level 2.1 Polearms
 + Level 4.1 Armour
 - Level 3.1 Dodging
 - Level 4.0 Stealth
 + Level 2.5 Shields
 - Level 4.0 Spellcasting
 + Level 3.9 Conjurations
 - Level 4.0 Hexes
 + Level 2.7 Fire Magic


You had 4 spell levels left.
You knew the following spells:

 Your Spells              Type           Power        Failure   Level  Hunger
a - Corona                Hex            ###....      9%          1    None
b - Confuse               Hex            ###.....     26%         3    ###....
c - Dazzling Spray        Conj/Hex       ###...       26%         3    ###....
d - Tukima's Dance        Hex            ###.....     26%         3    ###....
e - Flame Tongue          Conj/Fire      ##...        12%         1    None

Your spell library contained the following spells:

 Spells                   Type           Power        Failure   Level  Hunger
 Cause Fear               Hex            ###.......   63%         4    ####...
 Bolt of Fire             Conj/Fire      ##........   100%        6    #######
 Dragon Form              Tmut           #.........   100%        7    #######
 Ensorcelled Hibernation  Hex/Ice        ##....       30%         2    ##.....
 Dragon's Call            Summ           #.........   100%        9    #######


Dungeon Overview and Level Annotations

Branches:
Dungeon (6/15)             Temple (1/1) D:4

Altars:
Ashenzari
Cheibriados
Dithmenos
Elyvilon
Fedhas
Gozag
Hepliaklqana
Kikubaaqudgha
Nemelex Xobeh
Okawaru
Qazlal
Ru
Sif Muna
Trog
Uskayaw
Vehumet
Wu Jian
Zin
The Shining One

Shops:
D:4 =   D:5 :

Annotations:
D:6 1 transporter


Innate Abilities, Weirdness & Mutations

You have a pair of small horns on your head.
You are partially covered in slimy green scales. (AC +2)
You regenerate health from kills.
You are mostly covered in sharp spines.
Scrolls take you a little longer to read.


Message History

Aim: an orc priest, wielding a mace of protection and wearing a leather armour (heavily wounded)
You reach to attack!
You hit the orc priest.
The orc priest is severely wounded.
The kobold demonologist begins to cast a cantrip, but forgets the words!
The orc priest begins to cast a cantrip, but forgets the words!
You hit the neqoxec but do no damage. The neqoxec hits you.
The orc priest invokes the aid of Beogh against you.
Beogh smites you!
* * * LOW HITPOINT WARNING * * *
The orc priest begins to cast a cantrip, but forgets the words!
The shadow imp spits at you. The shadow imp gestures at you.
Pain shoots through your body!
* * * LOW HITPOINT WARNING * * *
The neqoxec gestures at you.
Strange energies course through your body.
Your vision blurs.
The orc priest calls down the wrath of Beogh upon you.
Beogh smites you!
You die...

# .... #. !....# .# # ...# #.
#....#... . #
##...######.##.#..#.# .#
#............l......###.##
#.###############.........
####†#8≈#..K55oo#P8#.........
...).#P.#≈≈≈≈≈≈≈#.P#.#.......
..†..#$=#..≈≈P3.#..#.........
..†.©#©.+..≈⌠≈..@.©#©........
###..#$$#..≈≈≈..#..#..#......
#..#P.#≈≈≈≈≈≈≈#.P#.........
#..#8≈#...o55o#P8#.########
#..###############.#
#..................#
#...!.....#####....#
###.......# ####.#
##......... #.#


You could see a kobold demonologist, a neqoxec, 4 orc priests, 4 shadow imps and
a leopard gecko.

Vanquished Creatures
  A hippogriff (D:6)
  A sky beast (D:5)
  A phantom (D:4)
  3 ogres
  2 scorpions
  A howler monkey (D:4)
  4 crimson imps
  3 hounds
  2 orc priests (D:3)
  Jessica (D:2)
  2 orc wizards (D:5)
  3 worker ants
  2 hound skeletons
  Robin (D:2)
  6 adders
  A shadow imp (D:5)
  An ooze (D:1)
  4 worms
  A dart slug (D:4)
  3 leopard geckos
  11 orcs
  6 giant cockroaches
  21 goblins
  5 hobgoblins
  16 jackals
  A ball python (D:4)
  4 bats
  4 frilled lizards
  A jackal skeleton (D:4)
  A jackal zombie (D:5)
  8 kobolds
  A leopard gecko skeleton (D:4)
  8 rats
130 creatures vanquished.

Notes
Turn   | Place    | Note
-------+----------+-------------------------------------------
     0 | D:1      | exewon the Demonspawn Enchanter began the quest for the Orb.
     0 | D:1      | Reached XP level 1. HP: 13/13 MP: 3/3
   244 | D:1      | Gained mutation: You have a pair of small horns on your head. [demonic ancestry]
   244 | D:1      | Reached XP level 2. HP: 8/19 MP: 3/5
   967 | D:1      | Reached skill level 1 in Armour
  1037 | D:1      | Gained mutation: You are partially covered in slimy green scales. (AC +2) [demonic ancestry]
  1037 | D:1      | Reached XP level 3. HP: 24/24 MP: 4/6
  1507 | D:2      | Noticed Jessica
  1523 | D:2      | Killed Jessica
  1523 | D:2      | Gained mutation: You regenerate a little health from kills. [demonic ancestry]
  1523 | D:2      | Reached XP level 4. HP: 14/30 MP: 7/7
  1668 | D:2      | Learned a level 3 spell: Confuse
  1672 | D:2      | Learned a level 3 spell: Dazzling Spray
  1678 | D:2      | Upgraded the game from 0.22-a0-877-g5c4e1af to 0.22-a0-880-gb7b0c8b
  1754 | D:2      | Noticed Robin
  1792 | D:2      | Killed Robin
  3157 | D:3      | Gained mutation: You are partially covered in sharp spines. [demonic ancestry]
  3157 | D:3      | Reached XP level 5. HP: 17/35 MP: 7/9
  3352 | D:3      | Learned a level 3 spell: Tukima's Dance
  3695 | D:4      | Found Rufafuxe's Jewellery Emporium.
  3747 | D:4      | Noticed an ogre
  3785 | D:4      | Killed an ogre
  3785 | D:4      | Reached skill level 1 in Polearms
  3785 | D:4      | Gained mutation: You regenerate health from kills. [demonic ancestry]
  3785 | D:4      | Reached XP level 6. HP: 37/41 MP: 6/11
  3788 | D:4      | Reached skill level 1 in Conjurations
  4147 | D:4      | Reached XP level 7. HP: 39/46 MP: 3/12
  4267 | D:4      | Found a staircase to the Ecumenical Temple.
  4290 | Temple   | Entered the Ecumenical Temple
  4334 | Temple   | Became a worshipper of Sif Muna the Loreminder
  4453 | D:5      | Entered Level 5 of the Dungeon
  4453 | D:5      | Found an iron altar of Okawaru.
  4454 | D:5      | Found an ancient bone altar of Kikubaaqudgha.
  4476 | D:5      | Learned a level 1 spell: Flame Tongue
  4495 | D:5      | Found a hide-covered altar of Uskayaw.
  4551 | D:5      | Found Guixt's Book Boutique.
  4890 | D:5      | Reached skill level 1 in Fire Magic
  5013 | D:5      | Reached skill level 1 in Shields
  5369 | D:6      | Gained mutation: You are mostly covered in sharp spines. [demonic ancestry]
  5369 | D:6      | Reached XP level 8. HP: 52/52 MP: 3/14
  5491 | D:6      | Found a transporter.
  5494 | D:6      | Noticed a kobold demonologist
  5502 | D:6      | Noticed a hippogriff
  5517 | D:6      | Killed a hippogriff
  5517 | D:6      | Reached * piety under Sif Muna
  5538 | D:6      | Found a transporter.
  5583 | D:6      | Gained mutation: Scrolls take you a little longer to read. [a neqoxec]
  5583 | D:6      | Killed from afar by an orc priest

Vault maps used:
D:1:      tarquinn_simple_flora_water_f, minmay_tetromino_t2
D:2:      first_ration, uniq_robin, uniq_jessica
D:3:      lemuel_zombie_altar_yredelemnul, minmay_goblin_outpost
D:4:      minmay_temple_entry_hall, serial_shops, shop_statue
D:5:      minmay_diamond_boxcup, old_standard_altar,
          chequers_temple_overflow_statue_of_worship, serial_shops,
          nicolae_shop_window_shopping
D:6:      gammafunk_wand_slinger
Temple:   kb_temple_of_zot

Skill      XL: |  1  2  3  4  5  6  7  8 |
---------------+-------------------------+-----
Stealth        | 3 4 |  4.0
Armour         | 1 2 3 4 |  4.1
Spellcasting   | 3 4 |  4.0
Hexes          | 4 |  4.0
Dodging        | 2 3 |  3.1
Polearms       | 1 2 |  2.1
Conjurations   | 1 3 |  3.9
Fire Magic     | 1 2 |  2.7
Shields        | 1 2 |  2.5
Short Blades   | |  0.8

Action                   |  1- 3 |  4- 6 |  7- 9 || total
-------------------------+-------+-------+-------++-------
Melee: Dagger            |   151 |   158 |       ||   309
       Headbutt          |    14 |    29 |    10 ||    53
       Trident           |       |    87 |   102 ||   189
 Fire: Hunting sling     |       |     5 |       ||     5
 Cast: Corona            |    21 |    33 |    22 ||    76
       Confuse           |       |     9 |     6 ||    15
       Dazzling Spray    |       |     1 |     1 ||     2
       Flame Tongue      |       |       |    18 ||    18
  Use: Scroll            |     1 |     6 |     4 ||    11
       Potion            |       |     2 |       ||     2
 Stab: Sleeping          |       |     2 |     1 ||     3
       Confused          |       |       |     2 ||     2
  Eat: Chunk             |     1 |     5 |     1 ||     7
       Ration            |     1 |     1 |     2 ||     4
Armor: Ring mail         |    53 |    94 |    48 ||   195
Dodge: Dodged            |    57 |    92 |    62 ||   211
       Deflected         |       |     2 |     2 ||     4
Block: Buckler           |       |       |     6 ||     6

Table legend:
 A = Spawn XP
 B = Non-spawn XP
 C = Spawn XP percentage of total XP
 D = Spawn monster count
 E = Non-spawn monster count
 F = Spawn count percentage of total count
 G = Total turns spent on level
                    A         B        C        D         E        F      G
               +---------+---------+-------+---------+---------+-------+---------
         Total |       0 |    2029 |   0.0 |       0 |     130 |   0.0 |  5583
               +---------+---------+-------+---------+---------+-------+---------
           D:1 |       0 |      52 |   0.0 |       0 |      27 |   0.0 |  1479
           D:2 |       0 |     119 |   0.0 |       0 |      37 |   0.0 |  1379
           D:3 |       0 |     172 |   0.0 |       0 |      19 |   0.0 |   831
           D:4 |       0 |     466 |   0.0 |       0 |      16 |   0.0 |   679
           D:5 |       0 |     523 |   0.0 |       0 |      22 |   0.0 |   870
           D:6 |       0 |     697 |   0.0 |       0 |       9 |   0.0 |   260
               +---------+---------+-------+---------+---------+-------+---------
